 Dungeon Crawl Stone Soup version 0.31-a0-1300-gb6740aa4e6 (webtiles) character file.

Game seed: 2733282404105922233

189 gohu the Trooper (level 5, -5/48 HPs)
             Began as a Hill Orc Fighter on Dec 18, 2023.
             Was an Initiate of Uskayaw.
             Slain by an ogre
             ... wielding a +0 giant spiked club
              (19 damage)
             ... on level 4 of the Dungeon.
             The game lasted 00:06:07 (2206 turns).

gohu the Trooper (Hill Orc Fighter)                 Turns: 2206, Time: 00:06:07

Health: -5/48      AC:  8    Str: 21    XL:     5   Next: 68%
Magic:  2/5        EV:  9    Int:  8    God:    Uskayaw [......]
Gold:   103        SH:  4    Dex: 10    Spells: 4/4 levels left

rFire   . . .        a - +0 war axe
rCold   . . .        c - +0 buckler
rNeg    . . .        b - +0 scale mail
rPois   .            (no helmet)
rElec   .            m - +0 cloak
rCorr   .            (no gloves)
SInv    .            (no boots)
Will    .....        (no amulet) Stlth
                     (no ring)
HPRegen 0.28/turn    (no ring)
MPRegen 0.09/turn

%: no passive effects
@: no status effects
A: no striking features
a: Renounce Religion


You were on level 4 of the Dungeon.
You worshipped Uskayaw.
Uskayaw was noncommittal.
You visited 2 branches of the dungeon, and saw 5 of its levels.

You collected 103 gold pieces.

Inventory:

Hand Weapons
 a - a +0 war axe (weapon)
Armour
 b - a +0 scale mail (worn)
 c - a +0 buckler (worn)
 m - a +0 cloak (worn)
Scrolls
 f - 2 scrolls of identify
 g - 4 scrolls of fear
 i - a scroll of poison
Potions
 d - 2 potions of might
 e - 2 potions of curing
 h - a potion of cancellation {unknown}
 j - a potion of heal wounds {unknown}


   Skills:
 * Level 5.1 Fighting
 * Level 5.0 Axes
 + Level 4.2 Armour
 + Level 3.8 Shields


You had 4 spell levels left.
You didn't know any spells.
Your spell library contained the following spells:

 Spells                   Type           Power      Damage    Failure   Level
 Frozen Ramparts          Ice            0%         1d1       99%         3
 Leda's Liquefaction      Tmut/Erth      0%         N/A       100%        4
 Petrify                  Tmut/Erth      0%         N/A       100%        4
 Metabolic Englaciation   Hex/Ice        0%         N/A       100%        5


Dungeon Overview and Level Annotations

Branches:
Dungeon (4/15)             Temple (1/1) D:4

Altars:
Ashenzari
Cheibriados
Fedhas
Hepliaklqana
Makhleb
Qazlal
Ru
Sif Muna
Trog
Uskayaw
Wu Jian
Xom
Zin
The Shining One


Message History

The hound bites you but does no damage.
You hit the hound.
The hound is moderately wounded.
You hear the slow rusting of a very distant drain.
The hound bites you but does no damage. You block the hound's attack.
You slash the hound!
You kill the hound!
You can now pass through a line of other dancers.
Your Axes skill increases to level 5!
No target in view!
Found a scroll labelled ZUOW CASUENIP.
You now have 103 gold pieces (gained 2).
You can no longer pass through a line of other dancers.
Found a stone staircase leading down.
Found 20 gold pieces.
Found a scroll labelled FERIBR NODODEO.
An iguana comes into view.
The iguana hisses angrily.
Found a book of Burglary.
An ogre comes into view. It is wielding a +0 giant spiked club.
The ogre attacks as it pursues you! The ogre hits you but does no damage.
The iguana hisses angrily.
You barely miss the ogre. You barely miss the iguana.
You block the iguana's attack.
The ogre hits you with a +0 giant spiked club!!
Ouch! That really hurt!
* * * LOW HITPOINT WARNING * * *
You closely miss the iguana. You barely miss the ogre.
The iguana bites you but does no damage.
You stomp with the beat, sending a shockwave through the revellers around you!
The iguana is moderately wounded.
The ogre is moderately wounded.
You can no longer stomp with the beat.
You block the ogre's attack. You block the iguana's attack.
Okay, then.
You closely miss the iguana.
The iguana is moderately wounded.
You hit the ogre. The iguana bites you.
* * * LOW HITPOINT WARNING * * *
The ogre hits you with a +0 giant spiked club!!
You die...

#.........#
#.........####
#............######
#.........##..l...# #
#.........#######.###
#.........# #...#
#....l....# ###.#
####O###### #.# #@#
###.. #l# #.... #.#
#..### ... #..l.?..
...... ... ......$. >
......####....
........ #.
.s.........##
#.......
#................
.....#
.................
#.####


You could see an ogre and 2 iguanas.

Vanquished Creatures
  Crazy Yiuf (D:2)
  A hound (D:4)
  Jessica (D:2)
  A gnoll (D:1)
  2 adders
  3 worms
  A dart slug (D:1)
  10 ball pythons
  8 bats
  4 endoplasms
  5 giant cockroaches
  A hobgoblin (D:2)
  6 jackals
  5 kobolds
  3 quokkas
  2 frilled lizards
  7 goblins
  A rat (D:1)
62 creatures vanquished.

Vanquished Creatures (collateral kills)
  A dart slug (D:4)
1 creature vanquished.

Grand Total: 63 creatures vanquished

Notes
Turn   | Place    | Note
-------+----------+-------------------------------------------
     0 | D:1      | gohu the Hill Orc Fighter began the quest for the Orb.
     0 | D:1      | Reached XP level 1. HP: 19/19 MP: 1/1
    93 | D:1      | You fall into a shaft and drop 1 floor!
   254 | D:2      | Reached XP level 2. HP: 27/27 MP: 2/2
   405 | D:2      | Found a faded altar of an unknown god.
   406 | D:2      | Noticed Jessica
   407 | D:2      | Killed Jessica
   408 | D:2      | Reached XP level 3. HP: 34/34 MP: 3/3
   646 | D:2      | Reached XP level 4. HP: 40/41 MP: 4/4
  1420 | D:2      | Found a runed translucent door.
  1421 | D:2      | Noticed Crazy Yiuf
  1428 | D:2      | Killed Crazy Yiuf
  1429 | D:2      | Reached XP level 5. HP: 39/47 MP: 5/5
  1723 | D:2      | Reached skill level 5 in Fighting
  2093 | D:4      | Found a staircase to the Ecumenical Temple.
  2102 | Temple   | Entered the Ecumenical Temple
  2110 | Temple   | Became a worshipper of Uskayaw the Reveller
  2131 | D:4      | Reached * piety under Uskayaw
  2168 | D:4      | Reached ** piety under Uskayaw
  2169 | D:4      | Reached skill level 5 in Axes
  2195 | D:4      | Noticed an ogre
  2206 | D:4      | Slain by an ogre

Illustrated notes

Levels and vault maps discovered:
D:1:      dpeg_arrival_houses_and_road, layout_loops_ring
D:2:      minmay_chambers_of_ones, layout_basic,
          hellmonk_ecumenical_altar_slurped_away, uniq_crazy_yiuf_cottage,
          uniq_jessica
D:3:      layout_loops_corners
D:4:      layout_rooms, minmay_temple_entry_glass, portal_sewer_entry_b
Temple:   eino_temple_lava

Skill      XL: |  1  2  3  4  5 |
---------------+----------------+-----
Fighting       | 4 5 |  5.1
Axes           | 3 4 5 |  5.0
Armour         | 4 |  4.2
Shields        | |  3.8

Action                     |  1- 3 |  4- 6 || total
---------------------------+-------+-------++-------
  Melee: War axe           |    46 |   120 ||   166
 Invoke: Stomp             |       |     1 ||     1
    Use: Potion            |       |     1 ||     1
         Scroll            |       |     6 ||     6
 Armour: Scale mail        |    29 |    75 ||   104
  Dodge: Dodged            |    24 |    48 ||    72
  Block: Buckler           |    10 |    35 ||    45

Table legend: (Time is in decaauts)
 A = Elapsed time spent in this place.
 B = Non-inter-level travel time spent in this place.
 C = Inter-level travel time spent in this place.
 D = Time resting spent in this place.
 E = Time spent auto-exploring this place.
 F = Levels seen in this place.
 G = Mean time per level.
                   A        B        C        D        E       F      G
               +--------+--------+--------+--------+--------+-----+--------+
         Total |   2264 |   2162 |    102 |      0 |   1675 |   5 |  452.8 |
       Dungeon |   2247 |   2152 |     95 |      0 |   1675 |   4 |  561.8 |
        Temple |     16 |      9 |      7 |      0 |      0 |   1 |   16.0 |
               +--------+--------+--------+--------+--------+-----+--------+

Top non-repeatable levels by time:
     D:2: 1092 daAuts
     D:1: 777 daAuts
     D:3: 243 daAuts
     D:4: 134 daAuts
  Temple: 16 daAuts
